 Dungeon Crawl Stone Soup version 0.28.0-53-g5a82cb258f (webtiles) character file.

Game seed: 9975553024915099825

9243 ILmort the Fighter (level 11, -1/107 HPs)
             Began as a Hill Orc Fighter on Aug 20, 2022.
             Was an Initiate of Gozag.
             Slain by an unseen horror (2 damage)
             ... on level 9 of the Dungeon.
             The game lasted 00:43:24 (16910 turns).

ILmort the Fighter (Hill Orc Fighter)              Turns: 16910, Time: 00:43:25

Health: -1/107     AC: 12    Str: 24    XL:     11   Next: 43%
Magic:  11/11      EV:  8    Int:  8    God:    Gozag
Gold:   741        SH:  6    Dex: 10    Spells: 10/10 levels left

rFire   . . .      SeeInvis .   a - +0 war axe
rCold   . . .      Faith    .   c - +1 buckler
rNeg    . . .      Spirit   .   y - +0 chain mail
rPois   .          Reflect  .   (no helmet)
rElec   .          Harm     .   (no cloak)
rCorr   .          Rampage  .   (no gloves)
Will    +....                   p - +0 pair of boots
Stlth   ..........              (no amulet)
HPRegen 0.27/turn               u - ring of willpower
MPRegen 0.12/turn               (no ring)

@: on berserk cooldown, hasted and slowed
A: no striking features
a: Renounce Religion, Potion Petition, Call Merchant, Bribe Branch


You were on level 9 of the Dungeon.
You worshipped Gozag.
Gozag was pleased with you.
You visited 2 branches of the dungeon, and saw 11 of its levels.
You also visited: Ossuary.

You collected 2060 gold pieces.
You paid 1319 gold pieces to Gozag.

Inventory:

Hand Weapons
 a - a +0 war axe (weapon)
 b - a +5 mace
 i - a +4 hand axe of electrocution
 q - the +3 hunting sling of Exoneration {vorpal, Int+7 Dex+3}
   (You found it on level 3 of the Dungeon)

   Any ammunition fired from it inflicts extra damage upon your enemies.
   Int:       It affects your intelligence (+7).
   Dex:       It affects your dexterity (+3).
Armour
 c - a +1 buckler (worn)
 p - a +0 pair of boots (worn)
 r - a scarf of resistance
 v - an orb of wrath
 y - a +0 chain mail (worn)
Jewellery
 n - a +6 ring of strength
 u - a ring of willpower (left hand)
Wands
 h - a wand of paralysis (13)
 k - a wand of flame (20)
 t - a wand of iceblast (11)
 x - a wand of mindburst (3)
Scrolls
 e - 2 scrolls of blinking
 f - 3 scrolls of identify
 g - 3 scrolls of enchant armour
 j - a scroll of teleportation
 m - 2 scrolls of amnesia
Potions
 l - 2 potions of cancellation {unknown}
 o - 4 potions of lignification
 s - a potion of mutation {unknown}
 w - a potion of invisibility


   Skills:
 * Level 13.4 Fighting
 + Level 13.0 Axes
 + Level 8.2 Armour
 + Level 8.2 Shields


You had 10 spell levels left.
You didn't know any spells.
Your spell library contained the following spells:

 Spells                   Type           Power      Damage    Failure   Level
 Beastly Appendage        Tmut           0%         N/A       97%         1
 Slow                     Hex            0%         N/A       97%         1
 Static Discharge         Conj/Air       0%         N/A       99%         2
 Sublimation of Blood     Necr           0%         N/A       99%         2
 Wereblood                Tmut           0%         N/A       99%         2
 Call Canine Familiar     Summ           0%         N/A       100%        3
 Confusing Touch          Hex            0%         N/A       100%        3
 Dazzling Flash           Conj/Hex       0%         N/A       100%        3
 Portal Projectile        Hex/Tloc       0%         N/A       100%        3
 Spider Form              Tmut/Pois      0%         N/A       100%        3
 Vampiric Draining        Necr           0%         2d6       100%        3
 Iskenderun's Mystic Bla  Conj/Tloc      0%         2d3       100%        4
 Leda's Liquefaction      Hex/Erth       0%         N/A       100%        4
 Blade Hands              Tmut           0%         N/A       100%        5
 Excruciating Wounds      Necr           0%         N/A       100%        5
 Lightning Bolt           Conj/Air       0%         1d11      100%        5
 Starburst                Conj/Fire      0%         6d3       100%        6
 Summon Hydra             Summ           0%         N/A       100%        7
 Maxwell's Capacitive Co  Air            0%         ∞         100%        8


Dungeon Overview and Level Annotations

Branches:
Dungeon (10/15)            Temple (1/1) D:4            Lair (0/6) D:9
    Orc (0/2) D:10        Ossuary (visited)

Altars:
Ashenzari
Elyvilon
Gozag
Hepliaklqana
Makhleb
Nemelex Xobeh
Okawaru
Qazlal
Ru
Vehumet
Wu Jian
Yredelemnul

Shops:
D:6 (

Annotations:
D:9 exclusion: downstairs


Message History

You feel a strong urge to attack something.
You miss something. Something hits you but does no damage.
Something hits you but does no damage.
You see here 17 gold pieces.
You feel a strong urge to attack something.
You are no longer berserk.
You are exhausted.
You feel yourself slow down. Something hits you but does no damage.
You barely miss something. Something hits you. Something hits you!
* * * LOW HITPOINT WARNING * * *
Something hits you but does no damage.
You see here 17 gold pieces.
You closely miss something. Something hits you but does no damage.
Something hits you.
* * * LOW HITPOINT WARNING * * *
Something hits you but does no damage.
You slash something! Something hits you!
* * * LOW HITPOINT WARNING * * *
Something hits you.
* * * LOW HITPOINT WARNING * * *
Something hits you.
* * * LOW HITPOINT WARNING * * *
You hit something but do no damage. Something hits you but does no damage.
Something hits you but does no damage. Something hits you but does no damage.
Something hits you.
* * * LOW HITPOINT WARNING * * *
Something hits you.
* * * LOW HITPOINT WARNING * * *
Something hits you but does no damage. You block something's attack.
Something hits you.
* * * LOW HITPOINT WARNING * * *
Something hits you.
* * * LOW HITPOINT WARNING * * *
You barely miss something. Something hits you but does no damage.
You hit something but do no damage. Something hits you.
* * * LOW HITPOINT WARNING * * *
Something hits you.
You die...
Your body crumbles into a pile of gold.

##..###.#.#.................
###..#......................
#.....................#....#
##....)##............##....#
#####..#.............##...#
#...##.............##...#
#$$$...............##...)
##>....##..........###.##
##$....@..........# ###
##...{..)...###..#
##.##.)∩).## #.##
#..##..)..# ### #.........#
#.....##### #######


There were no monsters in sight!

Vanquished Creatures
  A hydra (D:10)
  A two-headed ogre (D:9)
  A komodo dragon (D:7)
  A troll (D:10)
  Sigmund (D:2)
  A wyvern (D:9)
  11 yaks
  A vampire (D:9)
  2 water moccasins (D:9)
  3 orc warriors
  An ice beast (D:7)
  A sky beast (D:7)
  4 black bears
  4 ogres
  A boggart (D:10)
  3 centaurs
  A necrophage (D:4)
  A phantom (D:4)
  3 kobold brigands (D:9)
  2 wyvern zombies
  Blork the orc (D:4)
  10 bullfrogs
  2 scorpions
  2 water moccasin zombies (D:5)
  10 killer bees
  10 wights
  3 howler monkeys (D:9)
  2 bullfrog zombies
  A crimson imp (D:7)
  3 hounds
  4 centaur zombies
  3 bullfrog skeletons
  2 human zombies (Ossuary)
  6 orc priests
  2 jellies
  Ijyb (D:5)
  3 iguanas
  8 orc wizards
  2 scorpion zombies (D:5)
  A killer bee zombie (D:5)
  2 hound zombies (D:5)
  2 mummies (Ossuary)
  3 howler monkey zombies (D:9)
  2 howler monkey skeletons
  3 adders
  A shadow imp (D:7)
  2 ufetubi
  2 adder zombies (Ossuary)
  3 adder skeletons (D:4)
  2 dart slugs
  30 orcs
  5 bats
  11 endoplasms
  7 giant cockroaches
  5 goblins
  11 hobgoblins
  6 quokkas
  8 ball pythons
  2 frilled lizards
  A goblin zombie (Ossuary)
  8 hobgoblin zombies (Ossuary)
  A jackal zombie (Ossuary)
  18 kobolds
  12 kobold zombies (Ossuary)
  9 orc zombies (Ossuary)
  6 rats
  A rat zombie (Ossuary)
283 creatures vanquished.

Vanquished Creatures (collateral kills)
  A vampire (D:9)
1 creature vanquished.

Vanquished Creatures (others)
  44 fungi (D:9)
  42 plants (D:9)
86 creatures vanquished.

Grand Total: 370 creatures vanquished

Notes
Turn   | Place    | Note
-------+----------+-------------------------------------------
     0 | D:1      | ILmort the Hill Orc Fighter began the quest for the Orb.
     0 | D:1      | Reached XP level 1. HP: 19/19 MP: 1/1
    73 | D:1      | Reached XP level 2. HP: 19/27 MP: 2/2
   462 | D:1      | Reached XP level 3. HP: 26/33 MP: 3/3
   930 | D:2      | Noticed Sigmund
   964 | D:2      | Killed Sigmund
   965 | D:2      | Reached skill level 5 in Fighting
   965 | D:2      | Reached XP level 4. HP: 41/42 MP: 4/4
   965 | D:2      | Reached XP level 5. HP: 46/48 MP: 5/5
  1757 | D:3      | Reached XP level 6. HP: 29/56 MP: 6/6
  1973 | D:3      | Identified the +3 hunting sling of Exoneration {vorpal,
                  | Int+7 Dex+3}
  2249 | D:3      | Found a broken altar of Ashenzari.
  2423 | D:3      | Found a faded altar of an unknown god.
  2864 | D:4      | Noticed a necrophage
  2896 | D:4      | Killed a necrophage
  2897 | D:4      | Reached XP level 7. HP: 47/63 MP: 7/7
  3519 | D:4      | Found a staircase to the Ecumenical Temple.
  3837 | Temple   | Entered the Ecumenical Temple
  3843 | Temple   | Became a worshipper of Gozag Ym Sagoz the Greedy
  4303 | D:5      | Entered Level 5 of the Dungeon
  4446 | D:5      | Found a sand-covered staircase.
  4480 | Ossuary  | Entered an ossuary
  4870 | Ossuary  | Reached XP level 8. HP: 57/73 MP: 8/8
  5585 | D:5      | Reached skill level 10 in Axes
  5922 | D:5      | Noticed Blork the orc
  5963 | D:4      | Killed Blork the orc
  6762 | D:5      | Noticed Ijyb
  6769 | D:5      | Killed Ijyb
  7163 | D:6      | Found Gathrouq's Weapon Shop.
  7198 | D:5      | Reached XP level 9. HP: 73/82 MP: 9/9
  7796 | D:6      | Reached skill level 5 in Shields
  7966 | D:6      | Reached skill level 5 in Armour
  8136 | D:6      | Found a white marble altar of Elyvilon.
  8677 | D:6      | Reached skill level 10 in Fighting
  9437 | D:7      | Found a sparkling altar of Nemelex Xobeh.
  9451 | D:7      | Reached XP level 10. HP: 70/94 MP: 10/10
  9754 | D:7      | Found a burning altar of Makhleb.
 12091 | D:9      | HP: 4/97 [something (11)]
 12861 | D:9      | Found a staircase to the Lair.
 12993 | D:9      | Noticed a two-headed ogre
 13006 | D:9      | Found an ornate altar of the Wu Jian Council.
 13471 | D:9      | Killed a two-headed ogre
 13472 | D:9      | Reached XP level 11. HP: 56/105 MP: 11/11
 14242 | D:10     | Entered Level 10 of the Dungeon
 14842 | D:10     | Noticed a centaur warrior
 15319 | D:10     | Noticed a death knight
 15319 | D:10     | Noticed a phantasmal warrior
 15739 | D:10     | Noticed a four-headed hydra
 15767 | D:10     | Killed a four-headed hydra
 16866 | D:10     | Found a staircase to the Orcish Mines.
 16867 | D:10     | Noticed a catoblepas
 16908 | D:9      | HP: 5/107 [something (3)]
 16910 | D:9      | HP: 1/107 [something (5)]
 16910 | D:9      | Slain by an unseen horror

Illustrated notes

Levels and vault maps discovered:
D:1:      dpeg_arrival_stonehenge_8_columns, layout_basic, dk_noncrumbling_4
D:2:      layout_basic, serial_aquarium, aquarium_bridge_square
          [aquarium_subvault_wall, aquarium_subvault_bridge,
          aquarium_subvault_bridge, aquarium_subvault_wall],
          aquarium_bridge_straight [aquarium_subvault_bridge,
          aquarium_subvault_wall, aquarium_subvault_bridge,
          aquarium_subvault_window], aquarium_window_fake, aquarium_window_fake,
          aquarium_window_fake, aquarium_view_2e, aquarium_balcony_3b,
          aquarium_pool_1, uniq_sigmund
D:3:      layout_loops_corners, mainiacjoe_overflow_alcove_4,
          dreamdust_ecumenical_altar_hidden_monk_grotto
D:4:      minmay_thinvault, layout_cave_pods, minmay_temple_entry_trees
D:5:      layout_cave_pools, nicolae_ossuary_entry_false_entrances,
          serial_undead, serial_undead_a, serial_undead_b, serial_undead_e,
          serial_undead_d, st_stairs_12, kennysheep_generic_room_2, uniq_ijyb,
          uniq_blork_the_orc
D:6:      layout_basic, elyvilon_altar_5, serial_shops, shop
D:7:      layout_gridville, mainiacjoe_overflow_alcove_1, makhleb_grotto_becter
D:8:      layout_loops_ring, supply_closet_lemuel
D:9:      layout_cave_pools, pdpol_wu_jian_five_deadly_venoms,
          due_lair_maze_entry_diamond, enter_bailey_2,
          hangedman_abyss_or_decor_slice
D:10:     cheibrodos_fzero, layout_cross, mainiacjoe_overflow_paths,
          fedhas_altar_4, mainiacjoe_overflow_small_starburst, orc_0_dummy,
          minmay_misc_feat_hallway, nicolae_wwwww, minmay_orc_keep
Temple:   zaba_magenta_temple

Skill      XL: |  1  2  3  4  5  6  7  8  9 10 11 |
---------------+----------------------------------+-----
Axes           | 3 4 6 8 9 10 11 12 13 | 13.0
Fighting       | 4 5 6 7 8 10 12 13 | 13.4
Armour         | 4 6 7 8 |  8.2
Shields        | 4 6 7 8 |  8.2

Action                   |  1- 3 |  4- 6 |  7- 9 | 10-12 || total
-------------------------+-------+-------+-------+-------++-------
Melee: War axe           |    77 |   126 |   400 |   374 ||   977
       Mace              |       |       |       |    17 ||    17
Invok: Potion Petition   |       |       |       |     4 ||     4
  Use: Scroll            |       |       |    12 |     4 ||    16
       Potion            |       |       |     5 |    16 ||    21
 Stab: Distracted        |       |       |     1 |       ||     1
Armor: Scale mail        |    36 |    39 |    86 |       ||   161
       Chain mail        |       |       |    57 |   281 ||   338
       Skin              |       |       |       |    25 ||    25
Dodge: Dodged            |    35 |    44 |   129 |   186 ||   394
Block: Buckler           |    20 |    17 |    95 |   171 ||   303
